 Dungeon Crawl Stone Soup version 0.25-a0-294-gea9b1ad378 (webtiles) character file.

Game seed: 18330168559373357097, levelgen mode: deterministic

1598 vurker the Cudgeler (level 8, -11/64 HPs)
             Began as a Gnoll Wanderer on Dec 18, 2019.
             Mangled by an orc warrior
             ... wielding a +0 glaive
              (13 damage)
             ... on level 6 of the Dungeon.
             The game lasted 00:07:59 (4201 turns).

vurker the Cudgeler (Gnoll Wanderer)                Turns: 4201, Time: 00:07:59

Health: -11/64     AC: 12    Str: 16    XL:     8   Next: 93%
Magic:  13/13      EV:  8    Int: 17    God:
Gold:   316        SH:  0    Dex: 13    Spells: 14/14 levels left

rFire    . . .     SeeInvis +   a - +0 long sword (drain)
rCold    . . .     Gourm    .   (no shield)
rNeg     . . .     Faith    .   j - +0 chain mail
rPois    .         Spirit   .   G - +0 helmet
rElec    .         Reflect  .   (no cloak)
rCorr    .         Harm     .   C - +0 pair of gloves
MR       .....                  (no boots)
Stlth    ..........             y - amulet of regeneration
HPRegen  0.60/turn              l - ring of see invisible
MPRegen  0.13/turn              (no ring)

@: lethally poisoned (-11 -> -24)
A: distributed training, fangs 1, strong nose
a: no special abilities


You were on level 6 of the Dungeon.
You were not hungry.

You visited 2 branches of the dungeon, and saw 7 of its levels.

You collected 316 gold pieces.

Inventory:

Hand Weapons
 a - a +0 long sword of draining (weapon)
   (You found it on level 4 of the Dungeon)
 b - a +2 dagger of holy wrath
   (You took it off a goblin on level 1 of the Dungeon)
 B - a +2 mace
Armour
 j - a +0 chain mail (worn)
   (You found it on level 1 of the Dungeon)
 C - a +0 pair of gloves (worn)
   (You found it on level 4 of the Dungeon)
 G - a +0 helmet (worn)
   (You found it on level 6 of the Dungeon)
Jewellery
 l - a ring of see invisible (left hand)
   (You found it on level 4 of the Dungeon)
 y - an amulet of regeneration (around neck)
   (You found it on level 3 of the Dungeon)
Wands
 m - a wand of clouds (2)
   (You found it on level 2 of the Dungeon)
 t - a wand of flame (21)
   (You took it off Dowan on level 5 of the Dungeon)
 u - a wand of enslavement (6)
   (You found it on level 5 of the Dungeon)
Scrolls
 d - 5 scrolls of remove curse {unknown}
 f - 2 scrolls of magic mapping {unknown}
 g - 2 scrolls of amnesia {unknown}
 h - a scroll of blinking {unknown}
 i - 3 scrolls of enchant weapon {unknown}
 k - 2 scrolls of fear {unknown}
 p - a scroll of teleportation {unknown}
 w - 3 scrolls of identify {unknown}
 D - a scroll of noise {unknown}
 E - a scroll of random uselessness {unknown}
 F - 2 scrolls of enchant armour {unknown}
Potions
 c - 4 potions of curing
 n - a potion of flight {unknown}
 o - 2 potions of heal wounds {unknown}
 q - a potion of agility {unknown}
 r - a potion of experience {unknown}
 s - 2 potions of lignification {unknown}
 v - 2 potions of haste {unknown}
 x - a potion of cancellation {unknown}
 z - a potion of mutation {unknown}
 A - a potion of ambrosia {unknown}
Comestibles
 e - 10 rations


   Skills:
 + Level 5.9 Fighting
 + Level 3.6 Short Blades
 + Level 4.5 Long Blades
 + Level 3.6 Axes
 + Level 7.5 Maces & Flails
 + Level 3.6 Polearms
 + Level 3.6 Staves
 + Level 3.6 Slings
 + Level 3.6 Bows
 + Level 3.6 Crossbows
 + Level 3.6 Throwing
 + Level 4.5 Armour
 + Level 3.6 Dodging
 + Level 5.6 Stealth
 + Level 4.5 Shields
 + Level 3.6 Unarmed Combat
 + Level 3.6 Spellcasting
 + Level 3.0 Conjurations
 + Level 3.0 Hexes
 + Level 3.0 Charms
 + Level 3.0 Summonings
 + Level 3.0 Necromancy
 + Level 3.0 Translocations
 + Level 3.0 Transmutations
 + Level 3.0 Fire Magic
 + Level 3.0 Ice Magic
 + Level 3.0 Air Magic
 + Level 3.0 Earth Magic
 + Level 3.0 Poison Magic
 + Level 4.0 Invocations
 + Level 3.6 Evocations


You had 14 spell levels left.
You didn't know any spells.
Your spell library was empty.

Dungeon Overview and Level Annotations

Branches:
Dungeon (6/15)             Temple (1/1) D:4

Altars:
Dithmenos
Fedhas
Gozag
Hepliaklqana
Kikubaaqudgha
Makhleb
Nemelex Xobeh
Ru
Sif Muna
Trog
Uskayaw
Vehumet
Wu Jian
Xom
Yredelemnul
Zin
The Shining One

Shops:
D:5 %

Annotations:
D:6 Edmund


Innate Abilities, Weirdness & Mutations

Your experience applies equally to all skills.
You have very sharp teeth.
Your uncanny sense of smell can sniff out nearby items.


Message History

You slash the orc!
You kill the orc!
You hit Edmund but do no damage. You bite Edmund, but do no damage.
Edmund barely misses you.
You hit Edmund.
An orc warrior comes into view. It is wielding a +0 glaive.
Edmund hits you with a +2 flail of venom.
The orc warrior shouts!
You hit Edmund but do no damage. You bite Edmund, but do no damage.
You hear a croak.
You hear a shout!
The orc warrior hits you with a +0 glaive!
Edmund hits you with a +2 flail of venom.
You are poisoned.
Your chain mail prevents you from hitting Edmund.
You feel sick.
The orc warrior hits you with a +0 glaive!!
* * * LOW HITPOINT WARNING * * *
Edmund hits you but does no damage.
You are more poisoned.
You barely miss Edmund.
You feel sick.
The orc priest calls down the wrath of Beogh upon you.
Beogh smites you!
* * * LOW HITPOINT WARNING * * *
Edmund hits you with a +2 flail of venom.
* * * LOW HITPOINT WARNING * * *
You are more poisoned.
The orc warrior barely misses you.
You completely miss Edmund.
You feel sick. Edmund hits you but does no damage.
You are lethally poisoned!
The orc warrior hits you with a +0 glaive.
* * * LOW HITPOINT WARNING * * *
You hit Edmund but do no damage. You drain Edmund.
* * * LOW HITPOINT WARNING * * *
You feel very sick.
Edmund hits you with a +2 flail of venom.
* * * LOW HITPOINT WARNING * * *
The orc warrior barely misses you.
You riposte.
You hit the orc warrior but do no damage.
A bullfrog comes into view.
You hit Edmund. You drain Edmund.
* * * LOW HITPOINT WARNING * * *
You feel sick.
Edmund says, "I'm quite good with sums, too."
Edmund hits you but does no damage.
You are more poisoned.
You barely miss Edmund.
* * * LOW HITPOINT WARNING * * *
You feel very sick.
The orc warrior hits you with a +0 glaive!
You die... ∆ oo oa.

### #.# #.. #o#
#.#####.##### #.##
#.....Fo@@o# #...##
.#####.###.#####.....#
#.............o.....#
#.###.#########.....#
#....# #...## ##.###.#
#### ##.## ∆ #.## # .
#.# .# ..


You could see Edmund, an orc warrior, a bullfrog and an orc priest.

Vanquished Creatures
  Sigmund (D:3)
  Duvessa (D:5)
  3 ogres
  A centaur (D:5)
  Blork the orc (D:6)
  2 bullfrogs (D:6)
  Dowan (D:5)
  3 scorpions
  A howler monkey (D:4)
  2 crimson imps
  2 bullfrog zombies
  2 orc wizards (D:6)
  2 bullfrog skeletons (D:5)
  A hound (D:4)
  An iguana (D:6)
  3 worker ants
  A worker ant zombie (D:5)
  5 adders
  A shadow imp (D:5)
  4 oozes
  An adder skeleton (D:4)
  3 adder zombies (D:2)
  6 worms
  A dart slug (D:5)
  6 leopard geckos
  8 orcs
  A ball python (D:3)
  7 bats
  2 bat skeletons (D:2)
  7 giant cockroaches
  10 goblins
  6 hobgoblins
  10 jackals
  8 kobolds
  3 quokkas
  A ball python skeleton (D:4)
  6 frilled lizards
  A quokka zombie (D:2)
  3 rats
128 creatures vanquished.

Notes
Turn   | Place    | Note
-------+----------+-------------------------------------------
     0 | D:1      | vurker the Gnoll Wanderer began the quest for the Orb.
     0 | D:1      | vurker set off with the following items: a +2 mace, a +0
                  | ring mail, a potion of curing, a +0 dagger, a ration
     0 | D:1      | Reached XP level 1. HP: 20/20 MP: 1/1
    34 | D:1      | Reached XP level 2. HP: 26/26 MP: 2/2
   399 | D:1      | Reached XP level 3. HP: 20/31 MP: 3/3
  1078 | D:2      | Reached skill level 1 in Invocations
  1173 | D:2      | Reached skill level 1 in Short Blades
  1173 | D:2      | Reached skill level 1 in Axes
  1173 | D:2      | Reached skill level 1 in Polearms
  1173 | D:2      | Reached skill level 1 in Staves
  1173 | D:2      | Reached skill level 1 in Slings
  1173 | D:2      | Reached skill level 1 in Bows
  1173 | D:2      | Reached skill level 1 in Crossbows
  1173 | D:2      | Reached skill level 1 in Throwing
  1173 | D:2      | Reached skill level 1 in Dodging
  1173 | D:2      | Reached skill level 1 in Unarmed Combat
  1173 | D:2      | Reached skill level 1 in Spellcasting
  1173 | D:2      | Reached skill level 1 in Evocations
  1181 | D:2      | Reached XP level 4. HP: 38/38 MP: 5/5
  1509 | D:2      | Reached skill level 1 in Conjurations
  1509 | D:2      | Reached skill level 1 in Hexes
  1509 | D:2      | Reached skill level 1 in Charms
  1509 | D:2      | Reached skill level 1 in Summonings
  1509 | D:2      | Reached skill level 1 in Necromancy
  1509 | D:2      | Reached skill level 1 in Translocations
  1509 | D:2      | Reached skill level 1 in Transmutations
  1509 | D:2      | Reached skill level 1 in Fire Magic
  1509 | D:2      | Reached skill level 1 in Ice Magic
  1509 | D:2      | Reached skill level 1 in Air Magic
  1509 | D:2      | Reached skill level 1 in Earth Magic
  1509 | D:2      | Reached skill level 1 in Poison Magic
  1953 | D:3      | Reached XP level 5. HP: 31/43 MP: 6/6
  2175 | D:3      | Noticed Sigmund
  2187 | D:3      | Killed Sigmund
  2187 | D:3      | Reached XP level 6. HP: 49/50 MP: 6/8
  2322 | D:3      | Reached skill level 5 in Fighting
  2565 | D:4      | Found an opulent altar of Gozag.
  2626 | D:4      | Reached XP level 7. HP: 21/56 MP: 10/10
  2713 | D:4      | Reached skill level 7 in Maces & Flails
  2721 | D:4      | Found a hide-covered altar of Uskayaw.
  2950 | D:4      | Found a staircase to the Ecumenical Temple.
  2963 | Temple   | Entered the Ecumenical Temple
  3355 | D:5      | Entered Level 5 of the Dungeon
  3444 | D:5      | Reached skill level 5 in Stealth
  3506 | D:5      | Reached XP level 8. HP: 57/63 MP: 12/12
  3520 | D:5      | Found a hazy altar of Hepliaklqana.
  3584 | D:5      | Noticed Dowan
  3585 | D:5      | Noticed Duvessa
  3609 | D:5      | Killed Duvessa
  3648 | D:5      | Killed Dowan
  3741 | D:5      | Found Soyf's Food Shop.
  3817 | D:5      | Found an ancient bone altar of Kikubaaqudgha.
  3818 | D:5      | Found a blossoming altar of Fedhas.
  3918 | D:5      | Found a glowing golden altar of the Shining One.
  3918 | D:5      | Found a shimmering altar of Xom.
  3919 | D:5      | Found a basalt altar of Yredelemnul.
  4099 | D:6      | Found a radiant altar of Vehumet.
  4115 | D:6      | Noticed Blork the orc
  4130 | D:6      | Killed Blork the orc
  4173 | D:6      | Noticed Edmund
  4201 | D:6      | HP: 2/64 [poisoned by Edmund]
  4201 | D:6      | Mangled by an orc warrior

Levels and vault maps discovered:
D:1:      dpeg_chamrin_arrival_tetris, layout_basic, item_on_display_a
D:2:      layout_loops_corners, serial_undead, serial_undead_e, serial_undead_d,
          serial_undead_a, serial_undead_a
D:3:      layout_rooms, uniq_sigmund
D:4:      layout_basic, lemuel_crystal_altar, eat_drink_and_be_merry_uskayaw,
          minmay_temple_entry_nine_rooms, first_ration
D:5:      layout_loops_cross, grunt_temple_overflow_growth_and_decay,
          gammafunk_temple_overflow_forgotten, basic_altar, serial_shops,
          nicolae_shop_waterfront, uniq_duvessa
D:6:      layout_loops_ring, fiery_altar_vehumet, old_standard_altar,
          fedhas_altar_decomposition, uniq_blork_the_orc, uniq_edmund
Temple:   compressed_dpeg_triangle_lava_temple

Skill      XL: |  1  2  3  4  5  6  7  8 |
---------------+-------------------------+-----
Invocations    | 1 2 3 4 |  4.0
Short Blades   | 1 2 3 |  3.6
Axes           | 1 2 3 |  3.6
Polearms       | 1 2 3 |  3.6
Staves         | 1 2 3 |  3.6
Slings         | 1 2 3 |  3.6
Bows           | 1 2 3 |  3.6
Crossbows      | 1 2 3 |  3.6
Throwing       | 1 2 3 |  3.6
Dodging        | 1 2 3 |  3.6
Unarmed Combat | 1 2 3 |  3.6
Spellcasting   | 1 2 3 |  3.6
Evocations     | 1 2 3 |  3.6
Conjurations   | 1 2 3 |  3.0
Hexes          | 1 2 3 |  3.0
Charms         | 1 2 3 |  3.0
Summonings     | 1 2 3 |  3.0
Necromancy     | 1 2 3 |  3.0
Translocations | 1 2 3 |  3.0
Transmutations | 1 2 3 |  3.0
Fire Magic     | 1 2 3 |  3.0
Ice Magic      | 1 2 3 |  3.0
Air Magic      | 1 2 3 |  3.0
Earth Magic    | 1 2 3 |  3.0
Poison Magic   | 1 2 3 |  3.0
Long Blades    | 3 4 |  4.5
Armour         | 3 4 |  4.5
Shields        | 3 4 |  4.5
Fighting       | 5 |  5.9
Maces & Flails | 7 |  7.5
Stealth        | 5 |  5.6

Action                   |  1- 3 |  4- 6 |  7- 9 || total
-------------------------+-------+-------+-------++-------
Melee: Mace              |    83 |   180 |    38 ||   301
       Bite              |     8 |    12 |    31 ||    51
       Long sword        |       |       |   178 ||   178
       Dagger            |       |       |     2 ||     2
       Punch             |       |       |     1 ||     1
Evoke: Wand              |       |       |     1 ||     1
 Stab: Sleeping          |     1 |       |       ||     1
  Eat: Chunk             |     1 |     5 |     5 ||    11
Armor: Ring mail         |    10 |       |       ||    10
       Chain mail        |    42 |   109 |   141 ||   292
Dodge: Dodged            |    44 |    67 |   107 ||   218
       Rpst.: Long sword |       |       |    36 ||    36

Table legend:
 A = Non-vault XP
 B = Vault XP
 C = Vault XP percentage of total XP
 D = Non-vault monster count
 E = Vault monster count
 F = Vault count percentage of total count
                 A         B        C        D         E       F
            +---------+---------+-------+---------+---------+-------
      Total |    1724 |     559 |  24.5 |     118 |      10 |   7.8
            +---------+---------+-------+---------+---------+-------
        D:1 |      55 |       0 |   0.0 |      26 |       0 |   0.0
        D:2 |      70 |      21 |  23.1 |      21 |       6 |  22.2
        D:3 |     194 |     223 |  53.5 |      26 |       1 |   3.7
        D:4 |     372 |       0 |   0.0 |      16 |       0 |   0.0
        D:5 |     519 |     216 |  29.4 |      18 |       2 |  10.0
        D:6 |     514 |      99 |  16.2 |      11 |       1 |   8.3
            +---------+---------+-------+---------+---------+-------
